TOP OF THE 1ST |
Albuquerque Isotopes batting - Pitching for Oklahoma City Dodgers : RHP Nick Harmon
|
Pitching: RHP Nick Harmon
|
|
Batting: SHB Jamel Wright
|
0-0: Called Strike 0-1: SINGLE (Groundball, 56S, EV 67.5 MPH) (infield hit)
|
Batting: RHB Logan Morgan
|
0-0: Called Strike 0-1: Foul Ball, location: 2F 0-2: Foul Ball, location: 2F 0-2: Single, Error in OF, E8, batter to second base (Groundball, 4MD, EV 106.9 MPH) Jamel Wright to third
|
Batting: SHB Justin Hensley
|
0-0: Called Strike 0-1: Called Strike 0-2: Strikes out swinging
|
Batting: SHB D.J. Codd
|
0-0: Ball 1-0: Foul Ball, location: 2F 1-1: Called Strike 1-2: Ball 2-2: Ball 3-2: Foul Ball, location: 2F 3-2: Foul Ball, location: 2F 3-2: Base on Balls
|
Batting: RHB Chris King
|
0-0: Called Strike 0-1: Ball 1-1: Foul Ball, location: 2F 1-2: Fly out, F8 (Flyball, 8LS, EV 89.4 MPH) Runner from 3rd tags up, SCORES, throw by CF
|
Batting: RHB Sadataka Kuwahara
|
0-0: Ground out 3-1 (Groundball, 34, EV 105.6 MPH)
|
Top of the 1st over - 1 run, 2 hits, 1 error, 2 left on base; Albuquerque 1 - Oklahoma City 0 |
BOTTOM OF THE 1ST |
Oklahoma City Dodgers batting - Pitching for Albuquerque Isotopes : RHP Alberto Pickett
|
Pitching: RHP Alberto Pickett
|
|
Batting: RHB Jose Ramirez
|
0-0: Called Strike 0-1: Ball 1-1: Ball 2-1: Foul Ball, location: 2F 2-2: Fly out, F8 (Flyball, 8LD, EV 83.1 MPH)
|
Batting: RHB Theo Schepers
|
0-0: Called Strike 0-1: Ball 1-1: Fly out, F7 (Flyball, 7, EV 89.4 MPH)
|
Batting: LHB Steve Pond
|
0-0: Ball 1-0: Ball 2-0: Ball 3-0: Called Strike 3-1: Base on Balls
|
Batting: RHB Tommy Hunter
|
0-0: Fly out, F8 (Line Drive, 8LM, EV 98.1 MPH)
|
Bottom of the 1st over - 0 runs, 0 hits, 0 errors, 1 left on base; Albuquerque 1 - Oklahoma City 0 |
TOP OF THE 2ND |
Albuquerque Isotopes batting - Pitching for Oklahoma City Dodgers : RHP Nick Harmon
|
Batting: RHB Herb McIntyre
|
0-0: Swinging Strike 0-1: Swinging Strike 0-2: Ball 1-2: Ball 2-2: Foul Ball, location: 2F 2-2: Ball 3-2: Base on Balls
|
Batting: RHB Hector Silva
|
0-0: Called Strike 0-1: Ball 1-1: Foul Ball, location: 2F 1-2: Ball 2-2: Ball 3-2: Base on Balls Herb McIntyre to second
|
Batting: RHB Vinny Estrada
|
0-0: Ball 1-0: Foul Ball, location: 2F 1-1: Called Strike 1-2: Ball 2-2: Foul Ball, location: 2F 2-2: Strikes out swinging
|
Batting: SHB Jamel Wright
|
0-0: Ball 1-0: Swinging Strike 1-1: Foul Ball, location: 2F 1-2: Ball 2-2: Ball 3-2: Foul Ball, location: 2F 3-2: TRIPLE (Line Drive, 89XD, EV 103.8 MPH) Herb McIntyre scores Hector Silva scores
|
Batting: RHB Logan Morgan
|
0-0: Ball 1-0: Ball 2-0: DOUBLE (Line Drive, 78M, EV 90.6 MPH) Jamel Wright scores
|
Batting: SHB Justin Hensley
|
0-0: Fly out, F8 (Flyball, 8RD, EV 89.4 MPH) Runner from 2nd tags up, SAFE at 3rd with throw by CF
|
Batting: SHB D.J. Codd
|
0-0: Called Strike 0-1: Ball 1-1: Ball 2-1: Called Strike 2-2: Strikes out swinging
|
Top of the 2nd over - 3 runs, 2 hits, 0 errors, 1 left on base; Albuquerque 4 - Oklahoma City 0 |
BOTTOM OF THE 2ND |
Oklahoma City Dodgers batting - Pitching for Albuquerque Isotopes : RHP Alberto Pickett
|
Batting: RHB Alex Cid
|
0-0: Swinging Strike 0-1: Ball 1-1: Swinging Strike 1-2: Ball 2-2: Ball 3-2: Foul Ball, location: 2F 3-2: DOUBLE (Line Drive, 7LM, EV 93.1 MPH)
|
Batting: LHB Tore Bosch
|
0-0: Ball 1-0: SINGLE (Line Drive, 34, EV 108.1 MPH) Alex Cid to third
|
Batting: LHB Darrell Ortega
|
0-0: Ball 1-0: Reached via error on a dropped throw from 3B, E4 (Groundball, 56S, EV 78.1 MPH) Alex Cid scores Tore Bosch to second
|
Batting: LHB Ryan Murdock
|
0-0: Called Strike 0-1: Foul Ball, location: 2F 0-2: SINGLE (Line Drive, 4D, EV 103.8 MPH) Tore Bosch to third Darrell Ortega to second
|
Batting: RHB Rick Pittman
|
0-0: Called Strike 0-1: Ball 1-1: Grounds into double play, 3-6-3 (Groundball, 34S, EV 83.8 MPH) Tore Bosch scores Darrell Ortega to third
|
Batting: RHB Jose Ramirez
|
0-0: Ball 1-0: Ground out 6-3 (Groundball, 6, EV 105.6 MPH)
|
Bottom of the 2nd over - 2 runs, 3 hits, 1 error, 1 left on base; Albuquerque 4 - Oklahoma City 2 |
TOP OF THE 3RD |
Albuquerque Isotopes batting - Pitching for Oklahoma City Dodgers : RHP Nick Harmon
|
Batting: RHB Chris King
|
0-0: Called Strike 0-1: Ball 1-1: Swinging Strike 1-2: Foul Ball, location: 2F 1-2: Ball 2-2: Ball 3-2: Base on Balls
|
Batting: RHB Sadataka Kuwahara
|
0-0: Swinging Strike 0-1: Fly out, F9 (Line Drive, 89M, EV 103.8 MPH)
|
Batting: RHB Herb McIntyre
|
0-0: Called Strike 0-1: Fly out, F7 (Flyball, 7D, EV 91.9 MPH)
|
Batting: RHB Hector Silva
|
0-0: Swinging Strike 0-1: Ball 1-1: Foul Ball, location: 2F 1-2: Fielders Choice at 2nd, 6-4 (Groundball, 6D, EV 101.9 MPH)
|
Top of the 3rd over - 0 runs, 0 hits, 0 errors, 1 left on base; Albuquerque 4 - Oklahoma City 2 |
BOTTOM OF THE 3RD |
Oklahoma City Dodgers batting - Pitching for Albuquerque Isotopes : RHP Alberto Pickett
|
Batting: RHB Theo Schepers
|
0-0: Ball 1-0: Foul Ball, location: 2F 1-1: Ball 2-1: Ground out 6-3 (Groundball, 6, EV 105.6 MPH)
|
Batting: LHB Steve Pond
|
0-0: Foul Ball, location: 2F 0-1: Ball 1-1: Swinging Strike 1-2: Ball 2-2: Strikes out swinging
|
Batting: RHB Tommy Hunter
|
0-0: Called Strike 0-1: Ball 1-1: Foul Ball, location: 2F 1-2: Strikes out swinging
|
Bottom of the 3rd over - 0 runs, 0 hits, 0 errors, 0 left on base; Albuquerque 4 - Oklahoma City 2 |
TOP OF THE 4TH |
Albuquerque Isotopes batting - Pitching for Oklahoma City Dodgers : RHP Nick Harmon
|
Batting: RHB Vinny Estrada
|
0-0: Ball 1-0: Ball 2-0: Fly out, F8 (Line Drive, 8RD, EV 86.2 MPH)
|
Batting: SHB Jamel Wright
|
0-0: Called Strike 0-1: Ball 1-1: Ball 2-1: SINGLE (Groundball, 34D, EV 105.6 MPH) (infield hit)
|
Batting: RHB Logan Morgan
|
0-0: Called Strike Jamel Wright is caught stealing 2nd base 2-4 0-1: Ball 1-1: Swinging Strike 1-2: Strikes out swinging
|
Top of the 4th over - 0 runs, 1 hit, 0 errors, 0 left on base; Albuquerque 4 - Oklahoma City 2 |
BOTTOM OF THE 4TH |
Oklahoma City Dodgers batting - Pitching for Albuquerque Isotopes : RHP Alberto Pickett
|
Batting: RHB Alex Cid
|
0-0: Ball 1-0: Ball 2-0: Ball 3-0: Called Strike 3-1: Foul Ball, location: 2F 3-2: Fly out, F8 (Flyball, 8RS, EV 90.6 MPH)
|
Batting: LHB Tore Bosch
|
0-0: Ball 1-0: Ball 2-0: Ball 3-0: Called Strike 3-1: Fly out, F8 (Flyball, 8RD, EV 92.5 MPH)
|
Batting: LHB Darrell Ortega
|
0-0: Ball 1-0: Called Strike 1-1: Foul Ball, location: 2F 1-2: Ball 2-2: Foul Ball, location: 2F 2-2: Strikes out swinging
|
Bottom of the 4th over - 0 runs, 0 hits, 0 errors, 0 left on base; Albuquerque 4 - Oklahoma City 2 |
TOP OF THE 5TH |
Albuquerque Isotopes batting - Pitching for Oklahoma City Dodgers : RHP Nick Harmon
|
Batting: SHB Justin Hensley
|
0-0: Swinging Strike 0-1: Foul Ball, location: 2F 0-2: Fly out, F8 (Flyball, 8LXD, EV 96.9 MPH)
|
Batting: SHB D.J. Codd
|
0-0: Swinging Strike 0-1: Fly out, F8 (Flyball, 89D, EV 86.9 MPH)
|
Batting: RHB Chris King
|
0-0: Ball 1-0: Called Strike 1-1: Ball 2-1: Swinging Strike 2-2: Fly out, F4 (Line Drive, 4, EV 76.9 MPH)
|
Top of the 5th over - 0 runs, 0 hits, 0 errors, 0 left on base; Albuquerque 4 - Oklahoma City 2 |
BOTTOM OF THE 5TH |
Oklahoma City Dodgers batting - Pitching for Albuquerque Isotopes : RHP Alberto Pickett
|
Batting: LHB Ryan Murdock
|
0-0: Ball 1-0: Foul Ball, location: 2F 1-1: SINGLE (Line Drive, 9S, EV 88.1 MPH)
|
Batting: RHB Rick Pittman
|
0-0: Called Strike 0-1: Ball 1-1: Called Strike 1-2: Foul Ball, location: 2F 1-2: Ball 2-2: Strikes out looking
|
Batting: RHB Jose Ramirez
|
0-0: DOUBLE (Line Drive, 89D, EV 102.5 MPH) Ryan Murdock to third Runner from 3rd tries for Home, SAFE, no throw by RF
|
Batting: RHB Theo Schepers
|
0-0: Called Strike 0-1: SINGLE (Groundball, 6D, EV 106.2 MPH) Jose Ramirez to third Runner from 3rd tries for Home, SAFE, throw by CF to home Theo Schepers to second
|
Batting: LHB Steve Pond
|
0-0: Ground out 5-3 (Groundball, 56, EV 106.9 MPH)
|
Batting: RHB Tommy Hunter
|
0-0: Ball 1-0: Fly out, F4 (Popup, 34S, EV 88.8 MPH)
|
Bottom of the 5th over - 2 runs, 3 hits, 0 errors, 1 left on base; Albuquerque 4 - Oklahoma City 4 |
TOP OF THE 6TH |
Albuquerque Isotopes batting - Pitching for Oklahoma City Dodgers : RHP Nick Harmon
|
Now at 2B: Jason Baldwin
|
|
Now at SS: Theo Schepers
|
|
Batting: RHB Sadataka Kuwahara
|
0-0: SINGLE (Flyball, 34D, EV 90.0 MPH)
|
Batting: RHB Herb McIntyre
|
0-0: Called Strike 0-1: Ball 1-1: Ball 2-1: Called Strike 2-2: Ball 3-2: Foul Ball, location: 2F 3-2: Grounds into double play, 6-4-3 (Groundball, 6, EV 101.2 MPH)
|
Batting: RHB Hector Silva
|
0-0: Fly out, F9 (Line Drive, 9S, EV 92.5 MPH)
|
Top of the 6th over - 0 runs, 1 hit, 0 errors, 0 left on base; Albuquerque 4 - Oklahoma City 4 |
BOTTOM OF THE 6TH |
Oklahoma City Dodgers batting - Pitching for Albuquerque Isotopes : RHP Alberto Pickett
|
Batting: RHB Alex Cid
|
0-0: SINGLE (Groundball, 56, EV 103.8 MPH) (infield hit)
|
Pinch Runner at 1st Stephen Van Raalte:
|
|
Batting: LHB Tore Bosch
|
0-0: Swinging Strike 0-1: Foul Ball, location: 2F 0-2: Ball 1-2: Foul Ball, location: 2F 1-2: Ball 2-2: Ball 3-2: Fielders Choice at 2nd, 4-6 (Groundball, 34, EV 87.5 MPH)
|
Batting: LHB Darrell Ortega
|
0-0: Ball 1-0: Ball 2-0: Ball 3-0: Base on Balls Tore Bosch to second
|
Batting: LHB Ryan Murdock
|
0-0: Called Strike 0-1: Foul Ball, location: 2F 0-2: Strikes out swinging
|
Batting: RHB Rick Pittman
|
0-0: Ball 1-0: Called Strike 1-1: Swinging Strike 1-2: Fly out, F8 (Line Drive, 89M, EV 98.1 MPH)
|
Bottom of the 6th over - 0 runs, 1 hit, 0 errors, 2 left on base; Albuquerque 4 - Oklahoma City 4 |
TOP OF THE 7TH |
Albuquerque Isotopes batting - Pitching for Oklahoma City Dodgers : RHP Nick Harmon
|
Pitching: RHP André Gaillard
|
|
Batting: RHB Vinny Estrada
|
0-0: Swinging Strike 0-1: Swinging Strike 0-2: Strikes out swinging
|
Batting: SHB Jamel Wright
|
0-0: Ball 1-0: Ground out 5-3 (Groundball, 56S, EV 84.4 MPH)
|
Batting: RHB Logan Morgan
|
0-0: Called Strike 0-1: SINGLE (Line Drive, 9LM, EV 98.1 MPH)
|
Batting: SHB Justin Hensley
|
0-0: SINGLE (Groundball, 34S, EV 64.4 MPH) (infield hit) Logan Morgan to second
|
Batting: SHB D.J. Codd
|
0-0: Ball 1-0: Called Strike 1-1: Foul Ball, location: 2F 1-2: Ball 2-2: Strikes out looking
|
Top of the 7th over - 0 runs, 2 hits, 0 errors, 2 left on base; Albuquerque 4 - Oklahoma City 4 |
BOTTOM OF THE 7TH |
Oklahoma City Dodgers batting - Pitching for Albuquerque Isotopes : RHP Alberto Pickett
|
Batting: RHB Jason Baldwin
|
0-0: Swinging Strike 0-1: Ball 1-1: Ball 2-1: SINGLE (Line Drive, 4M, EV 106.9 MPH)
|
Pitching: RHP Justin Judson
|
|
Batting: RHB Theo Schepers
|
0-0: Sac Bunt to 3S - play at first, batter safe! Jason Baldwin to second
|
Batting: LHB Steve Pond
|
0-0: Ball 1-0: Called Strike 1-1: Ball 2-1: SINGLE (Groundball, P, EV 83.8 MPH) (infield hit) Jason Baldwin to third Theo Schepers to second
|
Batting: RHB Tommy Hunter
|
0-0: Called Strike 0-1: Ball 1-1: SINGLE (Groundball, 6M, EV 80.6 MPH) (infield hit) Jason Baldwin scores Theo Schepers to third Steve Pond to second
|
Batting: LHB Stephen Van Raalte
|
0-0: Fly out, F7 (Flyball, 7S, EV 88.8 MPH)
|
Batting: LHB Tore Bosch
|
0-0: Foul Ball, location: 2F 0-1: Swinging Strike 0-2: SINGLE (Line Drive, 7S, EV 103.1 MPH) Theo Schepers scores Steve Pond to third Tommy Hunter to second
|
Batting: LHB Darrell Ortega
|
0-0: Called Strike 0-1: Ball 1-1: Swinging Strike 1-2: Strikes out swinging
|
Batting: LHB Ryan Murdock
|
0-0: Called Strike 0-1: Swinging Strike 0-2: Strikes out swinging
|
Bottom of the 7th over - 2 runs, 5 hits, 0 errors, 3 left on base; Albuquerque 4 - Oklahoma City 6 |
TOP OF THE 8TH |
Albuquerque Isotopes batting - Pitching for Oklahoma City Dodgers : RHP André Gaillard
|
Batting: RHB Chris King
|
0-0: Ball 1-0: Foul Ball, location: 2F 1-1: Ground out 5-3 (Groundball, 56S, EV 81.9 MPH)
|
Batting: RHB Sadataka Kuwahara
|
0-0: Ball 1-0: Swinging Strike 1-1: Foul Ball, location: 2F 1-2: Foul Ball, location: 2F 1-2: Ball 2-2: Foul Ball, location: 2F 2-2: Foul Ball, location: 2F 2-2: Ball 3-2: Foul Ball, location: 2F 3-2: Base on Balls
|
Batting: RHB Herb McIntyre
|
0-0: Ball 1-0: Ball 2-0: Called Strike 2-1: Foul Ball, location: 2F 2-2: Foul Ball, location: 2F 2-2: Foul Ball, location: 2F 2-2: Ball 3-2: Base on Balls Sadataka Kuwahara to second
|
Pitching: RHP Jose Avila
|
|
Batting: RHB Hector Silva
|
0-0: Called Strike 0-1: Swinging Strike 0-2: Ball 1-2: Strikes out swinging
|
Batting: RHB Vinny Estrada
|
0-0: Foul Ball, location: 2F 0-1: Ball 1-1: Called Strike 1-2: Ball 2-2: Foul Ball, location: 2F 2-2: Foul Ball, location: 2F 2-2: Ball 3-2: Ground out 4-3 (Groundball, 4, EV 100.6 MPH)
|
Top of the 8th over - 0 runs, 0 hits, 0 errors, 2 left on base; Albuquerque 4 - Oklahoma City 6 |
BOTTOM OF THE 8TH |
Oklahoma City Dodgers batting - Pitching for Albuquerque Isotopes : RHP Justin Judson
|
Batting: RHB Rick Pittman
|
0-0: Ball 1-0: Called Strike 1-1: Ball 2-1: Called Strike 2-2: Strikes out swinging
|
Batting: RHB Jason Baldwin
|
0-0: DOUBLE (Line Drive, 78D, EV 100.6 MPH)
|
Batting: RHB Theo Schepers
|
0-0: Foul Ball, location: 2F 0-1: Ball 1-1: Ground out 4-3 (Groundball, 4, EV 87.5 MPH) Jason Baldwin to third
|
Batting: LHB Steve Pond
|
0-0: Ball 1-0: Ground out 5-3 (Groundball, 56S, EV 83.8 MPH)
|
Bottom of the 8th over - 0 runs, 1 hit, 0 errors, 1 left on base; Albuquerque 4 - Oklahoma City 6 |
TOP OF THE 9TH |
Albuquerque Isotopes batting - Pitching for Oklahoma City Dodgers : RHP Jose Avila
|
Pitching: RHP Jared Wisham
|
|
Batting: SHB Jamel Wright
|
0-0: Ground out 6-3 (Groundball, 6M, EV 88.1 MPH)
|
Batting: RHB Logan Morgan
|
0-0: Ball 1-0: Swinging Strike 1-1: Ball 2-1: Foul Ball, location: 2F 2-2: Foul Ball, location: 2F 2-2: Strikes out looking
|
Batting: SHB Justin Hensley
|
0-0: Reached on error, E4 (Groundball, 4, EV 81.2 MPH)
|
Batting: SHB D.J. Codd
|
0-0: Foul Ball, location: 2F 0-1: Foul Ball, location: 2F 0-2: Ball 1-2: Strikes out swinging
|
Top of the 9th over - 0 runs, 0 hits, 1 error, 1 left on base; Albuquerque 4 - Oklahoma City 6 |
|